 Dungeon Crawl Stone Soup version 0.23-a0-473-gc8aadda (webtiles) character file.

35 XanderDroid the Fighter (level 3, -1/38 HPs)
             Began as a Gnoll Wanderer on Nov 27, 2018.
             Slain by a gnoll
             ... wielding a +0 spear
              (8 damage)
             ... on level 1 of the Dungeon.
             The game lasted 00:03:43 (893 turns).

XanderDroid the Fighter (Gnoll Wanderer)             Turns: 893, Time: 00:03:44

Health: -1/38      AC:  6    Str: 15    XL:     3   Next: 35%
Magic:  4/4        EV: 10    Int: 12    God:
Gold:   61         SH:  0    Dex: 16    Spells: 3/3 levels left

rFire    . . .     SeeInvis .   a - +2 spear
rCold    . . .     Gourm    .   (no shield)
rNeg     . . .     Faith    .   k - +0 scale mail
rPois    .         Spirit   .   (no helmet)
rElec    .         Reflect  .   (no cloak)
rCorr    .         Harm     .   (no gloves)
MR       .....                  (no boots)
Stlth    ++........             (no amulet)
HPRegen  0.12/turn              (no ring)
MPRegen  0.09/turn              (no ring)

@: no status effects
A: distributed training, fangs 1, strong nose
a: no special abilities


You were on level 1 of the Dungeon.
You were not hungry.

You visited 1 branch of the dungeon, and saw 2 of its levels.

You collected 61 gold pieces.

Inventory:

Hand Weapons
 a - a +2 spear (weapon)
Armour
 k - a +0 scale mail (worn)
Scrolls
 c - a scroll of amnesia {unknown}
 g - 2 scrolls of identify {unknown}
 i - a scroll of remove curse {unknown}
 j - a scroll of random uselessness {unknown}
 l - a scroll of enchant weapon {unknown}
Potions
 b - a potion of curing
 e - a potion of berserk rage {unknown}
 h - a potion of might {unknown}
Comestibles
 f - 5 rations


   Skills:
 + Level 8.5 Fighting
 + Level 0.7 Short Blades
 + Level 0.7 Long Blades
 + Level 0.7 Axes
 + Level 0.7 Maces & Flails
 + Level 0.7 Polearms
 + Level 0.7 Staves
 + Level 0.7 Slings
 + Level 0.7 Bows
 + Level 0.7 Crossbows
 + Level 0.7 Throwing
 + Level 2.6 Armour
 + Level 2.6 Dodging
 + Level 6.0 Stealth
 + Level 2.6 Shields
 + Level 0.7 Unarmed Combat
 + Level 0.7 Spellcasting
 + Level 0.5 Conjurations
 + Level 0.5 Hexes
 + Level 0.5 Charms
 + Level 0.5 Summonings
 + Level 0.5 Necromancy
 + Level 0.5 Translocations
 + Level 0.5 Transmutations
 + Level 0.5 Fire Magic
 + Level 0.5 Ice Magic
 + Level 0.5 Air Magic
 + Level 0.5 Earth Magic
 + Level 0.5 Poison Magic
 + Level 0.9 Invocations
 + Level 0.7 Evocations


You had 3 spell levels left.
You didn't know any spells.
Your spell library was empty.

Dungeon Overview and Level Annotations

Branches:
Dungeon (2/15)

Altars:


Innate Abilities, Weirdness & Mutations

Your experience applies equally to all skills.
You have very sharp teeth.
Your uncanny sense of smell can sniff out nearby items.


Message History

* * * LOW HITPOINT WARNING * * *
You are too injured to fight recklessly!
You are too injured to fight recklessly!
You are too injured to fight recklessly!
You are too injured to fight recklessly!
Okay, then.
You feel better. The gnoll hits you with a +0 spear.
* * * LOW HITPOINT WARNING * * *
The gnoll misses you. The gnoll closely misses you.
The gnoll barely misses you.
You hit the gnoll. You bite the gnoll, but do no damage.
The gnoll is moderately wounded.
The gnoll hits you but does no damage. x2
The gnoll hits you with a +0 halberd.
* * * LOW HITPOINT WARNING * * *
The gnoll barely misses you. x2
You puncture the gnoll!
The gnoll is almost dead.
The gnoll hits you from afar with a +0 spear!
You die...

#....#.......#..#####......
####....[......##......)...
##>.........#..###......
##..)........####......
#########.........#####.......
#................#####........
#.......#........##...........
#.......#.............########
#..........gg@...#...##
#..........g>g......##
#......###.####.....#
#......###.##......##
#......#.........### ##
#......#.........# #.
########.........# #.
#.........# #. #.......#### #.


You could see 4 gnolls.

Vanquished Creatures
  An ooze (D:1)
  2 leopard geckos
  3 goblins
  3 hobgoblins (D:1)
  4 jackals (D:1)
  3 kobolds
  4 bats (D:1)
  2 frilled lizards (D:1)
  3 rats (D:1)
  2 fungi (D:1)
27 creatures vanquished.

Notes
Turn   | Place    | Note
-------+----------+-------------------------------------------
     0 | D:1      | XanderDroid the Gnoll Wanderer began the quest for the Orb.
     0 | D:1      | XanderDroid set off with the following items: a +2 spear, a
                  | potion of curing, a +0 ring mail, a +0 dagger, a ration
     0 | D:1      | Reached XP level 1. HP: 26/26 MP: 1/1
   105 | D:1      | Reached XP level 2. HP: 31/33 MP: 2/2
   272 | D:1      | Reached XP level 3. HP: 38/38 MP: 3/3
   893 | D:1      | Slain by a gnoll

Vault maps used:
D:1:      tarquinn_simple_flora_water_d, solitary_fountain
D:2:      wad_lake_hut, kiku_gazebo_pond_becter, cheibriados_altar_1

Skill      XL: |  1  2  3 |
---------------+----------+-----
Stealth        | 6 |  6.0
Fighting       | |  8.5
Short Blades   | |  0.7
Long Blades    | |  0.7
Axes           | |  0.7
Maces & Flails | |  0.7
Polearms       | |  0.7
Staves         | |  0.7
Slings         | |  0.7
Bows           | |  0.7
Crossbows      | |  0.7
Throwing       | |  0.7
Armour         | |  2.6
Dodging        | |  2.6
Shields        | |  2.6
Unarmed Combat | |  0.7
Spellcasting   | |  0.7
Conjurations   | |  0.5
Hexes          | |  0.5
Charms         | |  0.5
Summonings     | |  0.5
Necromancy     | |  0.5
Translocations | |  0.5
Transmutations | |  0.5
Fire Magic     | |  0.5
Ice Magic      | |  0.5
Air Magic      | |  0.5
Earth Magic    | |  0.5
Poison Magic   | |  0.5
Invocations    | |  0.9
Evocations     | |  0.7

Action                   || total
-------------------------++-------
Melee: Spear             ||    85
       Bite              ||    11
  Use: Potion            ||     1
 Stab: Sleeping          ||     4
Armor: Ring mail         ||    11
       Scale mail        ||     8
Dodge: Dodged            ||    55

Table legend:
 A = Non-vault XP
 B = Vault XP
 C = Vault XP percentage of total XP
 D = Non-vault monster count
 E = Vault monster count
 F = Vault count percentage of total count
                 A         B        C        D         E       F
            +---------+---------+-------+---------+---------+-------
      Total |      51 |       0 |   0.0 |      25 |       0 |   0.0
            +---------+---------+-------+---------+---------+-------
        D:1 |      44 |       0 |   0.0 |      22 |       0 |   0.0
        D:2 |       7 |       0 |   0.0 |       3 |       0 |   0.0
            +---------+---------+-------+---------+---------+-------
